 Dungeon Crawl Stone Soup version 0.18-a0-1323-g706dcef (webtiles) character file.

690 GrosslyIncandescent the Skirmisher (level 7, -2/56 HPs)
             Began as a Mummy Monk on Feb 15, 2016.
             Killed by divine providence
             ... invoked by an orc priest
              (16 damage)
             ... on level 5 of the Dungeon.
             The game lasted 00:08:08 (4186 turns).

GrosslyIncandescent the Skirmisher (Mummy Monk)     Turns: 4186, Time: 00:08:08

Health: -2/56      AC:  3    Str: 14    XL:     7   Next: 36%
Magic:  7/7        EV: 15    Int: 10    God:
Gold:   238        SH:  0    Dex: 19    Spells: 0 memorised, 6 levels left

rFire  x . .     SeeInvis .       - Unarmed
rCold  + . .     Gourm    .     (no armour)
rNeg   + + +     Faith    .     (no shield)
rPois  ∞         Spirit   .     j - +0 helmet {Robin's scalp}
rElec  .         Dismiss  .     (no cloak)
rCorr  .         Reflect  .     p - +0 pair of gloves {Dex+3}
SustAt .         Harm     .     l - +0 pair of boots
MR     .....                    c - amulet of regeneration
Stlth  ++........               (no ring)
                                (no ring)

@: not resistant to hostile enchantments, unstealthy
A: no food or potions, fire vulnerability, cold resistance 1, negative energy
resistance 3, torment resistance, unbreathing
a: no special abilities


You were on level 5 of the Dungeon.
You were not hungry.

You visited 1 branch of the dungeon, and saw 5 of its levels.

You collected 238 gold pieces.


Innate Abilities, Weirdness & Mutations

You do not eat or drink.
Your flesh is vulnerable to fire.
You are immune to poison.
Your flesh is cold resistant.
You are immune to negative energy.
You are immune to unholy pain and torment.
You can survive without breathing.


   Skills:
 - Level 5.1 Fighting
 - Level 4.3 Dodging
 - Level 1.5 Stealth
 + Level 2.2 Shields
 - Level 5.0 Unarmed Combat


You had 6 spell levels left.
You didn't know any spells.

Inventory:

Armour
 f - a +0 buckler {Might as well go all out}
 j - a +0 helmet (worn) {Robin's scalp}
 l - a +0 pair of boots (worn)
 p - a +0 pair of gloves of dexterity (worn)
Jewellery
 c - an amulet of regeneration (around neck)
 i - an uncursed amulet of faith {unknown}
Scrolls
 a - 6 scrolls of remove curse
 b - 3 scrolls of magic mapping
 d - 2 scrolls of random uselessness
 e - a scroll of noise {!r}
 g - 3 scrolls of teleportation {@r4}
 h - 4 scrolls of amnesia {unknown}
 k - a scroll of enchant armour {unknown}
 m - a scroll of fog {unknown}
 n - a scroll of recharging {unknown}

Dungeon Overview and Level Annotations

Branches:
Dungeon (5/15)
 Temple: D:4-7

Altars:
Elyvilon
Ru
Trog
Vehumet

Shops:
D:4 ( D:5

% .. ... ▒▒ .▒ ▒'▒▒.. ..
▒.▒▒.▒ .▒▒
▒.▒▒'▒▒▒▒..▒▒.▒..
▒........▒.▒▒.▒.. .
.▒▒▒▒▒▒▒▒........▒.▒▒.▒..
.
.......o@∩.......▒.▒▒.▒..
.......▒▒.......)'..▒.▒..
....... ▒▒.......▒(.▒.▒..
....... ▒.......▒....▒(.
......[ ▒.......▒.▒.....
....... ▒.......▒.▒..▒.▒
....... ▒▒▒▒▒▒▒▒▒.▒..▒..
)...... ▒▒+▒▒>▒▒▒
▒▒▒▒▒▒▒▒▒......▒


You could see an orc priest.


Message History

You hit the orc priest.
The orc priest is almost dead.
The orc priest hits you with a short sword.
* * * LOW HITPOINT WARNING * * *
The orc priest looks braver for a moment.
You hit the orc priest.
You kill the orc priest!
You barely miss the orc priest. The orc priest hits you.
* * * LOW HITPOINT WARNING * * *
You punch the orc priest!
The orc priest is severely wounded.
The orc priest barely misses you.
You closely miss the orc priest.
The orc priest is severely wounded.
The orc priest hits you.
* * * LOW HITPOINT WARNING * * *
You hit the orc priest.
You kill the orc priest!
Your Shields skill increases to level 2!
The orc priest mumbles some strange prayers to Beogh against you.
Something smites you!
* * * LOW HITPOINT WARNING * * *
You hit the orc.
The orc is severely wounded.
You hit the orc.
You kill the orc!
You barely miss the orc priest.
The orc priest mumbles some strange prayers to Beogh against you.
Something smites you!
You die...

Action                   |  1- 3 |  4- 6 |  7- 9 || total
-------------------------+-------+-------+-------++-------
Melee: Unarmed           |   156 |   288 |    50 ||   494
  Use: Scroll            |       |     6 |       ||     6
 Stab: Sleeping          |     2 |     5 |       ||     7
       Distracted        |       |     1 |       ||     1

Vault maps used:
D:1:      dpeg_arrival_water_fire, minmay_tree_intersection
D:2:      lightli_temple_of_fire, lemuel_round_altar, uniq_robin
D:3:      nicolae_overflow_hidden_temple, first_bread
D:4:      serial_shops, shop
D:5:      hangedman_ru_absence, serial_shops, shop

Notes
Turn   | Place    | Note
--------------------------------------------------------------
     0 | D:1      | GrosslyIncandescent the Mummy Monk began the quest for the Orb.
     0 | D:1      | Reached XP level 1. HP: 18/18 MP: 1/1
    63 | D:1      | I wanna be
    63 | D:1      | The very best
    63 | D:1      | The healthiest who ever was
   217 | D:1      | Reached XP level 2. HP: 22/24 MP: 2/2
   670 | D:1      | Reached skill level 4 in Unarmed Combat
  1075 | D:2      | Noticed Robin
  1119 | D:2      | Reached XP level 3. HP: 22/29 MP: 3/3
  1175 | D:2      | Killed Robin
  1286 | D:2      | Found a bloodstained altar of Trog.
  1561 | D:2      | Reached XP level 4. HP: 26/35 MP: 4/4
  1805 | D:2      | Found a white marble altar of Elyvilon.
  2030 | D:3      | Reached skill level 5 in Unarmed Combat
  2149 | D:3      | Reached XP level 5. HP: 21/41 MP: 5/5
  2357 | D:3      | Found a radiant altar of Vehumet.
  2493 | D:3      | Reached skill level 4 in Fighting
  3143 | D:4      | Reached skill level 5 in Fighting
  3143 | D:4      | Reached XP level 6. HP: 25/51 MP: 6/6
  3232 | D:4      | Found Faidwa's Antique Weapon Shop.
  3493 | D:4      | Reached skill level 3 in Dodging
  3785 | D:5      | Entered Level 5 of the Dungeon
  3843 | D:5      | Found a sacrificial altar of Ru.
  4054 | D:5      | Reached skill level 4 in Dodging
  4054 | D:5      | Reached XP level 7. HP: 29/56 MP: 7/7
  4143 | D:5      | Reached skill level 1 in Shields
  4157 | D:5      | Found Burauten's Food Shop.
  4183 | D:5      | Reached skill level 2 in Shields
  4186 | D:5      | Killed from afar by an orc priest

Vanquished Creatures
  A phantom (D:5)
  A centaur (D:5)
  A giant frog zombie (D:3)
  5 orc priests
  3 hounds
  2 orc wizards
  2 worker ants (D:4)
  Robin (D:2)
  3 adders
  A shadow imp (D:5)
  2 oozes (D:2)
  An adder skeleton (D:5)
  A worm (D:5)
  2 giant geckos
  13 orcs
  4 giant cockroaches
  15 goblins
  11 hobgoblins
  3 jackals (D:2)
  3 quokkas
  2 ball pythons
  4 bats
  3 giant newts
  9 kobolds
  6 rats
  A fungus (D:1)
100 creatures vanquished.
